MLB
MILWAUKEE BREWERS @ MIAMI MARLINS
09/10/2019
 
TOP OF THE 1ST
Milwaukee Brewers batting - Pitching for Miami Marlins : RHP Rogelio Armenteros
Pitching: RHP Rogelio Armenteros
Batting: LHB Jeff McNeil 0-0: Ground out U3 (Groundball, 3, EV 98.8 MPH)
Batting: LHB Jon Jay 0-0: Ball
1-0: Swinging Strike
1-1: Ground out 5-3 (Groundball, 56, EV 91.3 MPH)
Batting: RHB Aaron Judge 0-0: Foul Ball, location: 2F
0-1: Ball
1-1: SOLO HOME RUN (Flyball, 78XD, EV 95.0 MPH), Distance : 400 ft
Batting: LHB Eric Hosmer 0-0: Ball
1-0: Called Strike
1-1: Foul Ball, location: 2F
1-2: Ground out 3-1 (Groundball, 3S, EV 88.8 MPH)
Top of the 1st over - 1 run, 1 hit, 0 errors, 0 left on base; Milwaukee 1 - Miami 0
BOTTOM OF THE 1ST
Miami Marlins batting - Pitching for Milwaukee Brewers : RHP Jon Gray
Pitching: RHP Jon Gray
Batting: LHB Kyle Tucker 0-0: Ball
1-0: Swinging Strike
1-1: Ball
2-1: Ball
3-1: Foul Ball, location: 2F
3-2: Fly out, F9 (Flyball, 9D, EV 83.8 MPH)
Batting: LHB David Dahl 0-0: Fly out, F8 (Line Drive, 8LM, EV 92.5 MPH)
Batting: SHB Francisco Lindor 0-0: Foul Ball, location: 2F
0-1: Foul Ball, location: 2F
0-2: Foul Ball, location: 2F
0-2: Ground out 5-3 (Groundball, 56, EV 106.3 MPH)
Bottom of the 1st over - 0 runs, 0 hits, 0 errors, 0 left on base; Milwaukee 1 - Miami 0
TOP OF THE 2ND
Milwaukee Brewers batting - Pitching for Miami Marlins : RHP Rogelio Armenteros
Batting: RHB Tommy Pham 0-0: Ball
1-0: Ball
2-0: Called Strike
2-1: Foul Ball, location: 2F
2-2: SINGLE (Groundball, 4MD, EV 106.9 MPH)
Batting: RHB Gary Sanchez 0-0: Called Strike
0-1: Ball
1-1: Ball
2-1: Fly out, F7 (Flyball, 78M, EV 75.6 MPH)
Batting: RHB Addison Russell 0-0: Called Strike
0-1: Grounds into double play, 4-6-3 (Groundball, 4, EV 83.8 MPH)
Top of the 2nd over - 0 runs, 1 hit, 0 errors, 0 left on base; Milwaukee 1 - Miami 0
BOTTOM OF THE 2ND
Miami Marlins batting - Pitching for Milwaukee Brewers : RHP Jon Gray
Batting: RHB Javier Baez 0-0: Ball
1-0: Foul Ball, location: 2F
1-1: Ball
2-1: Ball
3-1: Base on Balls
Batting: RHB Miguel Andujar 0-0: Grounds into double play, 6-4-3 (Groundball, 6S, EV 93.1 MPH)
Batting: LHB Max Kepler 0-0: Foul Ball, location: 2F
0-1: Called Strike
0-2: Ball
1-2: SINGLE (Line Drive, 89M, EV 88.8 MPH)
Batting: RHB C.J. Cron 0-0: Called Strike
0-1: Fly out, F7 (Flyball, 7, EV 95.6 MPH)
Bottom of the 2nd over - 0 runs, 1 hit, 0 errors, 1 left on base; Milwaukee 1 - Miami 0
TOP OF THE 3RD
Milwaukee Brewers batting - Pitching for Miami Marlins : RHP Rogelio Armenteros
Batting: RHB Jon Gray 0-0: Ball
1-0: Ball
2-0: Swinging Strike
2-1: Foul Ball, location: 2F
2-2: Strikes out swinging
Batting: RHB Dawel Lugo 0-0: Foul Ball, location: 2F
0-1: Foul Ball, location: 2F
0-2: Ball
1-2: Foul Ball, location: 2F
1-2: Fly out, F7 (Flyball, 78S, EV 76.9 MPH)
Batting: LHB Jeff McNeil 0-0: Ball
1-0: Called Strike
1-1: Foul Ball, location: 2F
1-2: Ground out 6-3 (Groundball, 6D, EV 105.0 MPH)
Top of the 3rd over - 0 runs, 0 hits, 0 errors, 0 left on base; Milwaukee 1 - Miami 0
BOTTOM OF THE 3RD
Miami Marlins batting - Pitching for Milwaukee Brewers : RHP Jon Gray
Batting: LHB Chance Sisco 0-0: SINGLE (Flyball, 78M, EV 91.3 MPH)
Batting: RHB Rogelio Armenteros 0-0: Ball
1-0: Bunted foul
1-1: Sac Bunt to 2R - play at first, batter OUT! 2-4
Chance Sisco to second
Batting: LHB Kyle Tucker 0-0: Ball
1-0: Ball
2-0: Called Strike
2-1: Ball
3-1: Base on Balls
Batting: LHB David Dahl 0-0: Called Strike
0-1: Foul Ball, location: 2F
0-2: Strikes out swinging
Batting: SHB Francisco Lindor 0-0: Ball
1-0: Ball
2-0: Called Strike
2-1: Ground out 4-3 (Groundball, 34D, EV 81.9 MPH)
Bottom of the 3rd over - 0 runs, 1 hit, 0 errors, 2 left on base; Milwaukee 1 - Miami 0
TOP OF THE 4TH
Milwaukee Brewers batting - Pitching for Miami Marlins : RHP Rogelio Armenteros
Batting: LHB Jon Jay 0-0: Ball
1-0: Swinging Strike
1-1: Bunt for hit to 2R - play at first, batter OUT! 2-3
Batting: RHB Aaron Judge 0-0: Called Strike
0-1: Foul Ball, location: 2F
0-2: Fly out, F7 (Flyball, 7D, EV 90.6 MPH)
Batting: LHB Eric Hosmer 0-0: Called Strike
0-1: Foul Ball, location: 2F
0-2: Foul Ball, location: 2F
0-2: Ball
1-2: Strikes out swinging, 2-3 out at first.
Top of the 4th over - 0 runs, 0 hits, 0 errors, 0 left on base; Milwaukee 1 - Miami 0
BOTTOM OF THE 4TH
Miami Marlins batting - Pitching for Milwaukee Brewers : RHP Jon Gray
Batting: RHB Javier Baez 0-0: Called Strike
0-1: Swinging Strike
0-2: Ball
1-2: Ball
2-2: Strikes out looking
Batting: RHB Miguel Andujar 0-0: Ball
1-0: Fly out, F9 (Flyball, 89D, EV 90.0 MPH)
Batting: LHB Max Kepler 0-0: Ball
1-0: Ball
2-0: Foul Ball, location: 2F
2-1: Ball
3-1: Fly out, F9 (Flyball, 9LM, EV 96.9 MPH)
Bottom of the 4th over - 0 runs, 0 hits, 0 errors, 0 left on base; Milwaukee 1 - Miami 0
TOP OF THE 5TH
Milwaukee Brewers batting - Pitching for Miami Marlins : RHP Rogelio Armenteros
Batting: RHB Tommy Pham 0-0: Ball
1-0: Foul Ball, location: 2F
1-1: Called Strike
1-2: Strikes out swinging
Batting: RHB Gary Sanchez 0-0: Ball
1-0: Ball
2-0: Ball
3-0: Called Strike
3-1: Called Strike
3-2: Base on Balls
Batting: RHB Addison Russell 0-0: SINGLE (Groundball, 4MD, EV 95.0 MPH)
Gary Sanchez to second
Runner from 2nd tries for 3rd, SAFE, throw by CF made to third
Batting: RHB Jon Gray 0-0: Ball
1-0: Swinging Strike
1-1: Foul Ball, location: 2F
1-2: Strikes out looking
Batting: RHB Dawel Lugo 0-0: Called Strike
0-1: Ball
1-1: Swinging Strike
1-2: Foul Ball, location: 2F
1-2: Strikes out swinging
Top of the 5th over - 0 runs, 1 hit, 0 errors, 2 left on base; Milwaukee 1 - Miami 0
BOTTOM OF THE 5TH
Miami Marlins batting - Pitching for Milwaukee Brewers : RHP Jon Gray
Batting: RHB C.J. Cron 0-0: Ball
1-0: Called Strike
1-1: Called Strike
1-2: Ball
2-2: Strikes out looking
Batting: LHB Chance Sisco 0-0: Swinging Strike
0-1: Fly out, F8 (Line Drive, 8RD, EV 111.9 MPH)
Batting: RHB Rogelio Armenteros 0-0: Ball
1-0: Called Strike
1-1: Foul Ball, location: 2F
1-2: SINGLE (Groundball, 56D, EV 97.5 MPH)
Batting: LHB Kyle Tucker 0-0: Foul Ball, location: 2F
0-1: Foul Ball, location: 2F
0-2: Fly out, F7 (Line Drive, 7, EV 94.4 MPH)
Bottom of the 5th over - 0 runs, 1 hit, 0 errors, 1 left on base; Milwaukee 1 - Miami 0
TOP OF THE 6TH
Milwaukee Brewers batting - Pitching for Miami Marlins : RHP Rogelio Armenteros
Batting: LHB Jeff McNeil 0-0: Ball
1-0: Ground out 6-3 (Groundball, 6, EV 106.3 MPH)
Batting: LHB Jon Jay 0-0: Foul Ball, location: 2F
0-1: Ball
1-1: Swinging Strike
1-2: Hit by Pitch
Batting: RHB Aaron Judge 0-0: Foul Ball, location: 2F
0-1: Foul Ball, location: 2F
0-2: Strikes out swinging
Batting: LHB Eric Hosmer 0-0: Called Strike
0-1: Called Strike
0-2: Ball
1-2: Foul Ball, location: 2F
1-2: Foul Ball, location: 2F
1-2: Ball
2-2: Ball
3-2: Strikes out looking
Top of the 6th over - 0 runs, 0 hits, 0 errors, 1 left on base; Milwaukee 1 - Miami 0
BOTTOM OF THE 6TH
Miami Marlins batting - Pitching for Milwaukee Brewers : RHP Jon Gray
Batting: LHB David Dahl 0-0: Ball
1-0: Ball
2-0: Ball
3-0: Called Strike
3-1: Foul Ball, location: 2F
3-2: Fly out, F7 (Flyball, 7D, EV 107.5 MPH)
Batting: SHB Francisco Lindor 0-0: Foul Ball, location: 2F
0-1: Ball
1-1: Ball
2-1: DOUBLE (Line Drive, 5D, EV 99.4 MPH)
Batting: RHB Javier Baez 0-0: Called Strike
Francisco Lindor steals 3rd base
0-1: Fly out, F8 (Flyball, 8RD, EV 90.0 MPH)
Runner from 3rd tags up, SCORES, no throw by CF
Batting: RHB Miguel Andujar 0-0: Ball
1-0: Ball
2-0: Fly out, F6 (Line Drive, 6, EV 65.0 MPH)
Bottom of the 6th over - 1 run, 1 hit, 0 errors, 0 left on base; Milwaukee 1 - Miami 1
TOP OF THE 7TH
Milwaukee Brewers batting - Pitching for Miami Marlins : RHP Rogelio Armenteros
Pitching: RHP Dan Winkler
Batting: RHB Tommy Pham 0-0: Foul Ball, location: 2F
0-1: Swinging Strike
0-2: Ball
1-2: Foul Ball, location: 2F
1-2: Ball
2-2: Foul Ball, location: 2F
2-2: Strikes out swinging
Batting: RHB Gary Sanchez 0-0: Called Strike
0-1: Ball
1-1: Ball
2-1: Called Strike
2-2: Ground out 6-3 (Groundball, 6, EV 80.0 MPH)
Batting: RHB Addison Russell 0-0: Called Strike
0-1: Foul Ball, location: 2F
0-2: Ball
1-2: Strikes out looking
Top of the 7th over - 0 runs, 0 hits, 0 errors, 0 left on base; Milwaukee 1 - Miami 1
BOTTOM OF THE 7TH
Miami Marlins batting - Pitching for Milwaukee Brewers : RHP Jon Gray
Batting: LHB Max Kepler 0-0: Ball
1-0: Ball
2-0: Called Strike
2-1: Foul Ball, location: 2F
2-2: Ball
3-2: Foul Ball, location: 2F
3-2: Base on Balls
Pitching: RHP DJ Johnson
Batting: RHB C.J. Cron 0-0: Swinging Strike
0-1: Called Strike
0-2: Foul Ball, location: 2F
0-2: Ball
1-2: Strikes out looking
Batting: LHB Chance Sisco 0-0: Swinging Strike
0-1: Fielders Choice at 2nd, 6-4 (Groundball, 6, EV 84.4 MPH)
Pinch Hitting: LHB Alex Gordon 0-0: Called Strike
0-1: Called Strike
0-2: Ground out 4-3 (Groundball, 34, EV 78.1 MPH)
Bottom of the 7th over - 0 runs, 0 hits, 0 errors, 1 left on base; Milwaukee 1 - Miami 1
TOP OF THE 8TH
Milwaukee Brewers batting - Pitching for Miami Marlins : RHP Dan Winkler
Pitching: RHP Jordan Hicks
Pinch Hitting: RHB A.J. Pollock 0-0: Ball
1-0: Ball
2-0: Ball
3-0: Base on Balls
Batting: RHB Dawel Lugo 0-0: Called Strike
0-1: Called Strike
0-2: Strikes out swinging
Batting: LHB Jeff McNeil 0-0: Called Strike
0-1: Called Strike
0-2: SINGLE (Groundball, 56D, EV 95.6 MPH)
A.J. Pollock to second
Batting: LHB Jon Jay 0-0: Ball
1-0: Ball
2-0: Ball
3-0: Base on Balls
A.J. Pollock to third
Jeff McNeil to second
Batting: RHB Aaron Judge 0-0: Foul Ball, location: 2F
0-1: Ball
1-1: Swinging Strike
1-2: Strikes out swinging
Batting: LHB Eric Hosmer 0-0: Ball
1-0: Called Strike
1-1: Ball
2-1: Ball
3-1: Base on Balls
A.J. Pollock scores
Jeff McNeil to third
Jon Jay to second
Batting: RHB Tommy Pham 0-0: Ball
1-0: Fielders Choice at 2nd, 6-4 (Groundball, 6, EV 81.9 MPH)
Top of the 8th over - 1 run, 1 hit, 0 errors, 3 left on base; Milwaukee 2 - Miami 1
BOTTOM OF THE 8TH
Miami Marlins batting - Pitching for Milwaukee Brewers : RHP DJ Johnson
Pitching: LHP Jose Quijada
Batting: LHB Kyle Tucker 0-0: Called Strike
0-1: Ball
1-1: Ball
2-1: Swinging Strike
2-2: Strikes out looking
Batting: LHB David Dahl 0-0: Ball
1-0: Fly out, F7 (Line Drive, 7, EV 109.4 MPH)
Batting: SHB Francisco Lindor 0-0: Called Strike
0-1: Ball
1-1: Ball
2-1: Foul Ball, location: 2F
2-2: Ball
3-2: Strikes out looking
Bottom of the 8th over - 0 runs, 0 hits, 0 errors, 0 left on base; Milwaukee 2 - Miami 1
TOP OF THE 9TH
Milwaukee Brewers batting - Pitching for Miami Marlins : RHP Jordan Hicks
Pitching: RHP Craig Stammen
Batting: RHB Gary Sanchez 0-0: Ball
1-0: Called Strike
1-1: Ball
2-1: Called Strike
2-2: Fly out, F7 (Line Drive, 7, EV 90.6 MPH)
Batting: RHB Addison Russell 0-0: Ball
1-0: Foul Ball, location: 2F
1-1: Foul Ball, location: 2F
1-2: Strikes out swinging
Pinch Hitting: RHB Manny Pina 0-0: Fly out, F8 (Flyball, 8LM, EV 91.3 MPH)
Top of the 9th over - 0 runs, 0 hits, 0 errors, 0 left on base; Milwaukee 2 - Miami 1
BOTTOM OF THE 9TH
Miami Marlins batting - Pitching for Milwaukee Brewers : LHP Jose Quijada
Pitching: LHP Andrew Miller
Batting: RHB Javier Baez 0-0: Ball
1-0: Fly out, F5 (Line Drive, 5, EV 65.0 MPH)
Batting: RHB Miguel Andujar 0-0: Called Strike
0-1: Called Strike
0-2: Ball
1-2: Foul Ball, location: 2F
1-2: Foul Ball, location: 2F
1-2: Strikes out swinging
Batting: LHB Max Kepler 0-0: Ground out U3 (Groundball, 3S, EV 89.4 MPH)
Bottom of the 9th over - 0 runs, 0 hits, 0 errors, 0 left on base; Milwaukee 2 - Miami 1
Sunday, December 15th, 2019 - OOTP Baseball 20.8 Build 73